 Dungeon Crawl Stone Soup version 0.29.1-1-gd02db6906a (webtiles) character file.

Game seed: 4241480287693140532

457 raph the Sneak (level 6, 0/32 HPs)
             Began as a Vampire Necromancer on Oct 18, 2022.
             Was an Initiate of Gozag.
             Slain by an ogre
             ... wielding a +0 giant club
              (21 damage)
             ... on level 5 of the Dungeon.
             The game lasted 00:10:47 (5785 turns).

raph the Sneak (Vampire Necromancer)                Turns: 5785, Time: 00:10:48

Health: 0/32       AC:  7    Str:  7    XL:     6   Next: 77%
Magic:  0/10       EV: 17    Int: 20    God:    Gozag
Gold:   129        SH:  0    Dex: 14    Spells: 2/11 levels left

rFire   . . .      SeeInvis +   a - +1 dagger
rCold   + + .      Faith    .   (no shield)
rNeg    + + +      Spirit   .   g - +1 robe
rPois   ∞          Reflect  .   v - +2 helmet
rElec   .          Harm     .   j - +0 cloak
rCorr   .          Rampage  .   (no gloves)
Will    .....                   (no boots)
Stlth   +++++.....              (no amulet)
HPRegen 0.00/turn               o - +4 ring of evasion
MPRegen 0.12/turn               (no ring)

@: bloodless, inhibited regen
A: bloodless, fangs 3, see invisible, vampiric 2
a: Bat Form, Revivify, Renounce Religion, Potion Petition, Call Merchant, Bribe
Branch


You were on level 5 of the Dungeon.
You worshipped Gozag.
Gozag was aware of your devotion.
You visited 1 branch of the dungeon, and saw 5 of its levels.

You collected 337 gold pieces.
You spent 175 gold pieces at shops.
You paid 33 gold pieces to Gozag.

Inventory:

Hand Weapons
 a - a +1 dagger (weapon)
 f - a +0 short sword
Missiles
 d - 61 stones
 i - 8 poisoned darts
Armour
 g - a +1 robe (worn)
 j - a +0 cloak (worn)
 v - a +2 helmet (worn)
Jewellery
 o - a +4 ring of evasion (left hand)
 q - a ring of ice
Wands
 x - a wand of flame (11)
Scrolls
 k - 2 scrolls of teleportation
 r - 2 scrolls of silence
 t - a scroll of enchant weapon
 u - a scroll of blinking {unknown}
Potions
 b - a potion of magic
 c - a potion of cancellation
 e - 2 potions of resistance
 h - a potion of lignification
 l - 2 potions of brilliance
 m - 2 potions of mutation
 n - 2 potions of attraction
 p - a potion of flight {unknown}
 s - 2 potions of curing {unknown}
 w - a potion of berserk rage {unknown}


   Skills:
 + Level 0.1 Fighting
 + Level 0.2 Short Blades
 + Level 3.8 Dodging
 * Level 6.9 Stealth
 - Level 3.2 Spellcasting
 * Level 6.2 Necromancy


You had 2 spell levels left.
You knew the following spells:

 Your Spells              Type           Power      Damage    Failure   Level
a - Necrotise             Necr           100%       1d9       1%          1
b - Vampiric Draining     Necr           28%        2d8       3%          3
c - Agony                 Necr           28%        N/A       28%         5

Your spell library contained the following spells:

 Spells                   Type           Power      Damage    Failure   Level
 Sublimation of Blood     Necr           28%        N/A       1%          2
 Wereblood                Tmut           3%         N/A       22%         2
 Summon Hydra             Summ           1%         N/A       100%        7
 Animate Dead             Necr           Unusable   N/A       N/A         4

Dungeon Overview and Level Annotations

Branches:
Dungeon (5/15)
 Temple: D:4-7

Altars:
Fedhas
Gozag
Nemelex Xobeh

Shops:
D:3 *   D:4 :

Portals:
Ossuary: D:4

Annotations:
D:3 exclusion: ice beast
D:4 Robin


Innate Abilities, Weirdness & Mutations

You do not regenerate when monsters are visible.
You are frail without blood (-20% HP).
You can heal yourself when you bite living creatures.
You are immune to poison.
You have razor-sharp teeth.
You have supernaturally acute eyesight. (SInv)
You are afflicted with vampirism and can become a bat while bloodless.


Message History

x - a wand of flame (11)
Found a stone staircase leading down.
An ogre comes into view. It is wielding a +0 giant club.
An ogre is nearby!
An ogre is nearby!
An ogre is nearby!
The ogre shouts!
Aiming: Necrotise (safe; 1% risk of failure)
Press: ? - help, Q - select action, (/) - cycle Shift-Dir - straight line, f - ogre
Aim: an ogre, wielding a +0 giant club (chance to affect: 83%)
The ogre writhes in agony.
Aiming: Necrotise (safe; 1% risk of failure)
Press: ? - help, Q - select action, (/) - cycle Shift-Dir - straight line, f/p - ogre
Aim: an ogre, wielding a +0 giant club (lightly wounded, chance to affect: 83%)
The ogre writhes in agony.
Aiming: Necrotise (safe; 1% risk of failure)
Press: ? - help, Q - select action, (/) - cycle Shift-Dir - straight line, f/p - ogre
Aim: an ogre, wielding a +0 giant club (moderately wounded, chance to affect: 83%)
The ogre barely resists.
Aiming: Necrotise (safe; 1% risk of failure)
Press: ? - help, Q - select action, (/) - cycle Shift-Dir - straight line, f/p - ogre
Aim: an ogre, wielding a +0 giant club (moderately wounded, chance to affect: 83%)
The ogre writhes in agony!
The ogre hits you with a +0 giant club!
Casting: Necrotise (safe; 1% risk of failure)
Confirm with . or Enter, or press ? or * to list all spells.
Aiming: Vampiric Draining (dangerous; 3% risk of failure)
Press: ? - help, Shift-Dir - straight line, f/p - ogre
Aim: an ogre, wielding a +0 giant club (heavily wounded)
You draw life force from the ogre.
You feel life coursing into your body.
Casting: Vampiric Draining (dangerous; 3% risk of failure)
Confirm with . or Enter, or press ? or * to list all spells.
Aiming: Vampiric Draining (dangerous; 3% risk of failure)
Press: ? - help, Shift-Dir - straight line, f/p - ogre
Aim: an ogre, wielding a +0 giant club (severely wounded)
You draw life force from the ogre.
You feel life coursing into your body.
The ogre hits you with a +0 giant club!!
Ouch! That really hurt!
You die...
Your body crumbles into a pile of gold.

#.. ...# #....# ..#
......# ##.# .##...##
#..##
.......####...##
........##..#..####
...........###..#.###
......#...##
##.#...##
......#....#
+..@....#
.....#..#.##
##.#O...# .......####
####....# ....#.## $
#...# ....#..# ...#
######..# ..# #... .#
##.# $ .# ..#


You could see an ogre.

Vanquished Creatures
  A water moccasin (D:5)
  A black bear (D:5)
  A scorpion (D:5)
  A hound (D:5)
  2 iguanas
  An orc wizard (D:2)
  2 adders
  2 worms
  5 dart slugs
  6 orcs
  6 ball pythons
  6 bats
  3 endoplasms
  3 giant cockroaches (D:2)
  4 goblins
  6 hobgoblins
  8 kobolds
  7 rats
65 creatures vanquished.

Vanquished Creatures (collateral kills)
  A ball python (D:2)
  A goblin (D:2)
  A kobold (D:1)
  3 frilled lizards
6 creatures vanquished.

Vanquished Creatures (others)
  A hobgoblin (D:4)
1 creature vanquished.

Grand Total: 72 creatures vanquished

Notes
Turn   | Place    | Note
-------+----------+-------------------------------------------
     0 | D:1      | raph the Vampire Necromancer began the quest for the Orb.
     0 | D:1      | Reached XP level 1. HP: 13/13 MP: 3/3
   616 | D:1      | Reached XP level 2. HP: 15/15 MP: 3/5
  1289 | D:1      | Found a faded altar of an unknown god.
  1570 | D:2      | Gained mutation: You are afflicted with vampirism and can
                  | become a bat while bloodless. [Vampire growth]
  1570 | D:2      | Reached XP level 3. HP: 19/19 MP: 2/6
  1574 | D:2      | Learned a level 3 spell: Vampiric Draining
  2180 | D:2      | Reached skill level 5 in Necromancy
  2180 | D:2      | Reached XP level 4. HP: 24/24 MP: 5/7
  3370 | D:3      | Found an opulent altar of Gozag.
  3378 | D:3      | Became a worshipper of Gozag Ym Sagoz the Greedy
  3389 | D:3      | Noticed an ice beast
  3442 | D:3      | Found Veffaerghu's Assorted Antiques.
  3445 | D:3      | Bought a scroll of identify for 54 gold pieces
  3653 | D:3      | Reached skill level 5 in Stealth
  3867 | D:3      | Found a blossoming altar of Fedhas.
  4323 | D:4      | Found Tet Neemof's Book Shoppe.
  4633 | D:3      | Bought a cloak for 121 gold pieces
  4682 | D:4      | Reached XP level 5. HP: 28/28 MP: 5/9
  4898 | D:4      | Found a sand-covered staircase.
  4930 | D:4      | Noticed Robin
  4954 | D:5      | Entered Level 5 of the Dungeon
  4954 | D:5      | Noticed an ogre
  5004 | D:5      | Learned a level 5 spell: Agony
  5018 | D:5      | HP: 1/28 [scorpion (1)]
  5339 | D:5      | Found a sparkling altar of Nemelex Xobeh.
  5347 | D:5      | Noticed a water moccasin
  5352 | D:5      | Killed a water moccasin
  5353 | D:5      | Reached XP level 6. HP: 22/32 MP: 4/10
  5785 | D:5      | Slain by an ogre

Illustrated notes

Levels and vault maps discovered:
D:1:      evilmike_arrival_crescent, layout_basic,
          shapermc_ecumenical_altar_starsandcircs
D:2:      layout_basic, nicolae_figureground_pulse
D:3:      layout_loops_corners, mainiacjoe_overflow_alcove_1, marbit_many_paths,
          serial_shops, shop
D:4:      layout_basic, gammafunk_ghost_mausoleum,
          nicolae_ossuary_entry_false_entrances, serial_shops, shop,
          dk_noncrumbling_3, uniq_robin
D:5:      layout_cave_pods, mainiacjoe_overflow_concentric_impassable,
          mainiacjoe_overflow_six_doors_small, minmay_misc_feat_square,
          hex_large, minmay_fractal_squares_gapless_5

Skill      XL: |  1  2  3  4  5  6 |
---------------+-------------------+-----
Stealth        | 4 5 6 |  6.9
Necromancy     | 5 6 |  6.2
Dodging        | 3 |  3.8
Spellcasting   | 3 |  3.2
Fighting       | |  0.1
Short Blades   | |  0.2

Action                   |  1- 3 |  4- 6 || total
-------------------------+-------+-------++-------
Melee: Dagger            |    20 |    16 ||    36
       Punch             |       |     2 ||     2
 Cast: Necrotise         |    55 |    65 ||   120
       Vampiric Draining |       |    10 ||    10
 Abil: Exsanguinate      |     1 |       ||     1
  Use: Scroll            |       |    15 ||    15
 Stab: Sleeping          |     4 |     2 ||     6
Armor: Robe              |     8 |     6 ||    14
Dodge: Dodged            |    17 |    38 ||    55
